TOP OF THE 1ST |
Brinkley Belugas batting - Pitching for Hialeah Dodos : RHP Jim Unknown
|
Pitching: RHP Jim Unknown
|
|
Batting: RHB Randy Tucker
|
0-0: Ground out 5-3 (Groundball, 56)
|
Batting: RHB Jay Kidd
|
0-0: Called Strike 0-1: Ground out 5-3 (Groundball, 56)
|
Batting: RHB Reggie Kahn
|
0-0: Ball 1-0: Called Strike 1-1: Ball 2-1: Called Strike 2-2: SINGLE (Groundball, 23) (infield hit)
|
Batting: RHB Steve Jones
|
0-0: Ball 1-0: Fly out, F9 (Flyball, 9S)
|
Top of the 1st over - 0 run(s), 1 hit(s), 0 error(s), 1 left on base; Brinkley 0 - Hialeah 0 |
BOTTOM OF THE 1ST |
Hialeah Dodos batting - Pitching for Brinkley Belugas : LHP Myles Wilkerson
|
Pitching: LHP Myles Wilkerson
|
|
Batting: SHB Javier Gonzáles
|
0-0: Ball 1-0: Called Strike 1-1: SINGLE (Flyball, 8RS)
|
Batting: RHB Vincente Rotham
|
0-0: Ball 1-0: Grounds into double play, 6-4-3 (Groundball, 6)
|
Batting: LHB Bill Griffin
|
0-0: Ball 1-0: Called Strike 1-1: Foul Ball, location: 2F 1-2: Foul Ball, location: 2F 1-2: Ball 2-2: Foul Ball, location: 2F 2-2: Ball 3-2: SOLO HOME RUN (Flyball, 8RXD), Distance : 438 ft
|
Batting: LHB Scott Janousek
|
0-0: Ball 1-0: Ground out 4-3 (Groundball, 4M)
|
Bottom of the 1st over - 1 run(s), 2 hit(s), 0 error(s), 0 left on base; Brinkley 0 - Hialeah 1 |
TOP OF THE 2ND |
Brinkley Belugas batting - Pitching for Hialeah Dodos : RHP Jim Unknown
|
Batting: LHB Ubbe van Antwerpen
|
0-0: Ball 1-0: Foul Ball, location: 2F 1-1: Ball 2-1: Called Strike 2-2: Foul Ball, location: 2F 2-2: Foul Ball, location: 2F 2-2: Ball 3-2: Base on Balls
|
Batting: SHB Noel King
|
0-0: Foul Ball, location: 2F 0-1: Ball 1-1: Ball 2-1: Swinging Strike 2-2: Foul Ball, location: 2F 2-2: TRIPLE (Flyball, 8RD) Ubbe van Antwerpen scores
|
Batting: LHB Peter Paul
|
0-0: DOUBLE (Line Drive, 78M) Noel King scores
|
Batting: RHB Tom Christensen
|
0-0: Ball 1-0: Ball 2-0: Called Strike 2-1: Ball 3-1: Base on Balls
|
Batting: RHB Roberto Ramírez
|
0-0: Called Strike 0-1: Grounds into double play, 6-4-3 (Groundball, 6) Peter Paul to third
|
Batting: RHB Randy Tucker
|
0-0: Foul Ball, location: 2F 0-1: TRIPLE (Flyball, 9D) Peter Paul scores
|
Batting: RHB Jay Kidd
|
0-0: Ball 1-0: SINGLE (Groundball, 4D) Randy Tucker scores
|
Batting: RHB Reggie Kahn
|
0-0: Foul Ball, location: 2F 0-1: Called Strike 0-2: Ball 1-2: Ball 2-2: Strikes out swinging
|
Top of the 2nd over - 4 run(s), 4 hit(s), 0 error(s), 1 left on base; Brinkley 4 - Hialeah 1 |
BOTTOM OF THE 2ND |
Hialeah Dodos batting - Pitching for Brinkley Belugas : LHP Myles Wilkerson
|
Batting: LHB Raúl Aguirre
|
0-0: Ball 1-0: Called Strike 1-1: Fly out, F4 (Flyball, 4MD)
|
Batting: RHB Diego Bonilla
|
0-0: Ball 1-0: Reached on error, E4 (Groundball, 4)
|
Batting: LHB Errol Levick
|
0-0: Called Strike 0-1: Ball 1-1: Ball 2-1: Foul Ball, location: 2F 2-2: Fly out, F8 (Line Drive, 8RD)
|
Batting: RHB Alexis Smeddon
|
0-0: Called Strike 0-1: Swinging Strike 0-2: Ball 1-2: Ball 2-2: Ball Diego Bonilla steals 2nd base 3-2: Foul Ball, location: 2F 3-2: Strikes out looking
|
Bottom of the 2nd over - 0 run(s), 0 hit(s), 1 error(s), 1 left on base; Brinkley 4 - Hialeah 1 |
TOP OF THE 3RD |
Brinkley Belugas batting - Pitching for Hialeah Dodos : RHP Jim Unknown
|
Batting: RHB Steve Jones
|
0-0: Ground out 5-3 (Groundball, 56S)
|
Batting: LHB Ubbe van Antwerpen
|
0-0: Called Strike 0-1: Ball 1-1: Ball 2-1: Called Strike 2-2: Ball 3-2: Foul Ball, location: 2F 3-2: Foul Ball, location: 2F 3-2: Base on Balls
|
Batting: SHB Noel King
|
0-0: Foul Ball, location: 2F 0-1: Ball 1-1: Foul Ball, location: 2F 1-2: Ball 2-2: Ball 3-2: Base on Balls Ubbe van Antwerpen to second
|
Batting: LHB Peter Paul
|
0-0: Ball 1-0: SINGLE (Groundball, 4MD) Ubbe van Antwerpen to third Noel King to second Runner from 3rd tries for Home, SAFE, throw made home Noel King to third Peter Paul to second
|
Batting: RHB Tom Christensen
|
0-0: Foul Ball, location: 2F 0-1: Fly out, F9 (Line Drive, 9) Runner from 3rd tags up, SCORES, no throw
|
Batting: RHB Roberto Ramírez
|
0-0: Foul Ball, location: 2F 0-1: Ball 1-1: Swinging Strike 1-2: Ball 2-2: Ground out 1-3 (Groundball, P)
|
Top of the 3rd over - 2 run(s), 1 hit(s), 0 error(s), 1 left on base; Brinkley 6 - Hialeah 1 |
BOTTOM OF THE 3RD |
Hialeah Dodos batting - Pitching for Brinkley Belugas : LHP Myles Wilkerson
|
Batting: RHB Daniel Ruíz
|
0-0: Fly out, F9 (Flyball, 9S)
|
Batting: SHB Javier Gonzáles
|
0-0: Ball 1-0: Fly out, F8 (Flyball, 8RM)
|
Batting: RHB Vincente Rotham
|
0-0: Ball 1-0: Swinging Strike 1-1: Foul Ball, location: 2F 1-2: Ball 2-2: Foul Ball, location: 2F 2-2: Foul Ball, location: 2F 2-2: Ball 3-2: Foul Ball, location: 2F 3-2: Ground out 6-3 (Groundball, 6)
|
Bottom of the 3rd over - 0 run(s), 0 hit(s), 0 error(s), 0 left on base; Brinkley 6 - Hialeah 1 |
TOP OF THE 4TH |
Brinkley Belugas batting - Pitching for Hialeah Dodos : RHP Jim Unknown
|
Batting: RHB Randy Tucker
|
0-0: Called Strike 0-1: Ball 1-1: Foul Ball, location: 2F 1-2: SOLO HOME RUN (Flyball, 7LD), Distance : 348 ft
|
Pitching: RHP Jim Unknown
|
|
Batting: RHB Jay Kidd
|
0-0: Called Strike 0-1: Swinging Strike 0-2: Strikes out swinging
|
Batting: RHB Reggie Kahn
|
0-0: Ball 1-0: Foul Ball, location: 2F 1-1: Called Strike 1-2: Strikes out looking
|
Batting: RHB Steve Jones
|
0-0: Ball 1-0: Foul Ball, location: 2F 1-1: Foul Ball, location: 2F 1-2: Ball 2-2: Foul Ball, location: 2F 2-2: Fly out, F9 (Flyball, 9)
|
Top of the 4th over - 1 run(s), 1 hit(s), 0 error(s), 0 left on base; Brinkley 7 - Hialeah 1 |
BOTTOM OF THE 4TH |
Hialeah Dodos batting - Pitching for Brinkley Belugas : LHP Myles Wilkerson
|
Batting: LHB Bill Griffin
|
0-0: Ball 1-0: Ball 2-0: Ball 3-0: Swinging Strike 3-1: Base on Balls
|
Batting: LHB Scott Janousek
|
0-0: Fielders Choice at 2nd, 4-6 (Groundball, 34)
|
Batting: LHB Raúl Aguirre
|
0-0: Ball 1-0: Ball 2-0: Called Strike 2-1: Ball 3-1: Base on Balls Scott Janousek to second
|
Batting: RHB Diego Bonilla
|
0-0: Ball 1-0: Fly out, F9 (Line Drive, 89D) Runner from 2nd tags up, SAFE at 3rd, no throw
|
Batting: LHB Errol Levick
|
0-0: Called Strike 0-1: Swinging Strike 0-2: Ball 1-2: Strikes out looking
|
Bottom of the 4th over - 0 run(s), 0 hit(s), 0 error(s), 2 left on base; Brinkley 7 - Hialeah 1 |
TOP OF THE 5TH |
Brinkley Belugas batting - Pitching for Hialeah Dodos : RHP Jim Unknown
|
Batting: LHB Ubbe van Antwerpen
|
0-0: Fly out, F5 (Flyball, 56D)
|
Batting: SHB Noel King
|
0-0: Ball 1-0: Called Strike 1-1: Ball 2-1: Foul Ball, location: 2F 2-2: Strikes out swinging
|
Batting: LHB Peter Paul
|
0-0: Ball 1-0: Ball 2-0: Ground out 1-3 (Groundball, 15S)
|
Top of the 5th over - 0 run(s), 0 hit(s), 0 error(s), 0 left on base; Brinkley 7 - Hialeah 1 |
BOTTOM OF THE 5TH |
Hialeah Dodos batting - Pitching for Brinkley Belugas : LHP Myles Wilkerson
|
Batting: RHB Alexis Smeddon
|
0-0: SINGLE (Groundball, 4D)
|
Batting: RHB Daniel Ruíz
|
0-0: Ball Alexis Smeddon is caught stealing 2nd base 1-0: SINGLE (Flyball, 9LS)
|
Batting: SHB Javier Gonzáles
|
0-0: Ball 1-0: Foul Ball, location: 2F 1-1: Called Strike 1-2: Strikes out looking
|
Batting: RHB Vincente Rotham
|
0-0: Ground out 1-3 (Groundball, 15)
|
Bottom of the 5th over - 0 run(s), 2 hit(s), 0 error(s), 1 left on base; Brinkley 7 - Hialeah 1 |
TOP OF THE 6TH |
Brinkley Belugas batting - Pitching for Hialeah Dodos : RHP Jim Unknown
|
Batting: RHB Tom Christensen
|
0-0: Ball 1-0: Called Strike 1-1: Foul Ball, location: 2F 1-2: Foul Ball, location: 2F 1-2: Foul Ball, location: 2F 1-2: Foul Ball, location: 2F 1-2: Strikes out swinging
|
Batting: RHB Roberto Ramírez
|
0-0: Fly out, F5 (Popup, 5D)
|
Batting: RHB Randy Tucker
|
0-0: Ball 1-0: Fly out, F2 (Popup, 56S)
|
Top of the 6th over - 0 run(s), 0 hit(s), 0 error(s), 0 left on base; Brinkley 7 - Hialeah 1 |
BOTTOM OF THE 6TH |
Hialeah Dodos batting - Pitching for Brinkley Belugas : LHP Myles Wilkerson
|
Batting: LHB Bill Griffin
|
0-0: Called Strike 0-1: Foul Ball, location: 2F 0-2: Ball 1-2: Ball 2-2: Ball 3-2: Base on Balls
|
Batting: LHB Scott Janousek
|
0-0: Called Strike 0-1: Foul Ball, location: 2F 0-2: Foul Ball, location: 2F 0-2: Foul Ball, location: 2F 0-2: Fly out, F4 (Flyball, 4MD)
|
Batting: LHB Raúl Aguirre
|
0-0: Ball 1-0: Ball 2-0: Fly out, F8 (Flyball, 8RD)
|
Batting: RHB Diego Bonilla
|
0-0: Swinging Strike 0-1: Ball 1-1: Called Strike 1-2: Ground out 6-3 (Groundball, 56)
|
Bottom of the 6th over - 0 run(s), 0 hit(s), 0 error(s), 1 left on base; Brinkley 7 - Hialeah 1 |
TOP OF THE 7TH |
Brinkley Belugas batting - Pitching for Hialeah Dodos : RHP Jim Unknown
|
Batting: RHB Jay Kidd
|
0-0: Foul Ball, location: 2F 0-1: Foul Ball, location: 2F 0-2: SINGLE (Line Drive, 56)
|
Batting: RHB Reggie Kahn
|
0-0: Ball 1-0: Ball 2-0: Called Strike 2-1: Ball 3-1: Grounds into double play, 4-6-3 (Groundball, 4)
|
Batting: RHB Steve Jones
|
0-0: Foul Ball, location: 2F 0-1: Ball 1-1: Fly out, F7 (Flyball, 7S)
|
Top of the 7th over - 0 run(s), 1 hit(s), 0 error(s), 0 left on base; Brinkley 7 - Hialeah 1 |
BOTTOM OF THE 7TH |
Hialeah Dodos batting - Pitching for Brinkley Belugas : LHP Myles Wilkerson
|
Batting: LHB Errol Levick
|
0-0: Ball 1-0: Ball 2-0: Called Strike 2-1: Ball 3-1: Foul Ball, location: 2F 3-2: Foul Ball, location: 2F 3-2: SINGLE (Groundball, 4D)
|
Pitching: LHP Dan McBride
|
|
Batting: RHB Alexis Smeddon
|
0-0: Ball 1-0: Swinging Strike 1-1: Called Strike 1-2: Strikes out swinging
|
Batting: RHB Daniel Ruíz
|
0-0: Ball 1-0: Called Strike 1-1: Ball 2-1: Ball 3-1: Foul Ball, location: 2F 3-2: Foul Ball, location: 2F 3-2: Foul Ball, location: 2F 3-2: Fly out, F4 (Line Drive, 4)
|
Batting: SHB Javier Gonzáles
|
0-0: Ball 1-0: Fly out, F4 (Popup, 4)
|
Bottom of the 7th over - 0 run(s), 1 hit(s), 0 error(s), 1 left on base; Brinkley 7 - Hialeah 1 |
TOP OF THE 8TH |
Brinkley Belugas batting - Pitching for Hialeah Dodos : RHP Jim Unknown
|
Batting: LHB Ubbe van Antwerpen
|
0-0: Called Strike 0-1: Ball 1-1: Foul Ball, location: 2F 1-2: Foul Ball, location: 2F 1-2: Ball 2-2: Foul Ball, location: 2F 2-2: Ball 3-2: Strikes out looking
|
Pitching: RHP Jim Unknown
|
|
Batting: SHB Noel King
|
0-0: Ball 1-0: Ball 2-0: Ball 3-0: Called Strike 3-1: SINGLE (Groundball, 6MD)
|
Batting: LHB Peter Paul
|
0-0: Ball 1-0: Called Strike 1-1: Foul Ball, location: 2F 1-2: Ball 2-2: Ball 3-2: SINGLE (Line Drive, 89M) Noel King to second
|
Batting: RHB Tom Christensen
|
0-0: Foul Ball, location: 2F 0-1: Called Strike 0-2: Ball 1-2: Ball 2-2: Fielders Choice at 2nd, 4-6 (Groundball, 34) Noel King to third
|
Batting: RHB Roberto Ramírez
|
0-0: Ball 1-0: Called Strike 1-1: Ball 2-1: Ball 3-1: Fly out, F8 (Line Drive, 8RM)
|
Top of the 8th over - 0 run(s), 2 hit(s), 0 error(s), 2 left on base; Brinkley 7 - Hialeah 1 |
BOTTOM OF THE 8TH |
Hialeah Dodos batting - Pitching for Brinkley Belugas : LHP Dan McBride
|
Batting: RHB Vincente Rotham
|
0-0: Ball 1-0: Ground out 4-3 (Groundball, 4)
|
Batting: LHB Bill Griffin
|
0-0: Foul Ball, location: 2F 0-1: Swinging Strike 0-2: Fly out, F5 (Popup, 56)
|
Batting: LHB Scott Janousek
|
0-0: SINGLE (Line Drive, 4MD)
|
Batting: LHB Raúl Aguirre
|
0-0: Fly out, F1 (Line Drive, 15)
|
Bottom of the 8th over - 0 run(s), 1 hit(s), 0 error(s), 1 left on base; Brinkley 7 - Hialeah 1 |
TOP OF THE 9TH |
Brinkley Belugas batting - Pitching for Hialeah Dodos : RHP Jim Unknown
|
Batting: RHB Randy Tucker
|
0-0: Ball 1-0: Ball 2-0: Ground out 5-3 (Groundball, 56)
|
Batting: RHB Jay Kidd
|
0-0: Ball 1-0: Swinging Strike 1-1: Ball 2-1: Ball 3-1: Base on Balls
|
Batting: RHB Reggie Kahn
|
0-0: Ball 1-0: Ball 2-0: Swinging Strike 2-1: Foul Ball, location: 2F 2-2: Foul Ball, location: 2F 2-2: SINGLE (Groundball, 34S) (infield hit) Jay Kidd to second
|
Batting: RHB Steve Jones
|
0-0: Called Strike 0-1: Swinging Strike 0-2: Strikes out swinging
|
Batting: LHB Ubbe van Antwerpen
|
0-0: Swinging Strike 0-1: Swinging Strike 0-2: Ball 1-2: Ball 2-2: Fielders Choice at 2nd, 4-6 (Groundball, 4)
|
Top of the 9th over - 0 run(s), 1 hit(s), 0 error(s), 1 left on base; Brinkley 7 - Hialeah 1 |
BOTTOM OF THE 9TH |
Hialeah Dodos batting - Pitching for Brinkley Belugas : LHP Dan McBride
|
Now at 1B: Manny Carbajal
|
|
Batting: RHB Diego Bonilla
|
0-0: Ball 1-0: Called Strike 1-1: Called Strike 1-2: Ball 2-2: Ball 3-2: Ground out 6-3 (Groundball, 6)
|
Batting: LHB Errol Levick
|
0-0: Ball 1-0: Called Strike 1-1: Ball 2-1: Foul Ball, location: 2F 2-2: Ball 3-2: Strikes out swinging
|
Batting: RHB Alexis Smeddon
|
0-0: Ball 1-0: Called Strike 1-1: Ground out 4-3 (Groundball, 4M)
|
Bottom of the 9th over - 0 run(s), 0 hit(s), 0 error(s), 0 left on base; Brinkley 7 - Hialeah 1 |
|